 Dungeon Crawl Stone Soup version 0.16.1-7-g2c6721e (webtiles) character file.

43 Grujah the Insei (level 3, -2/29 HPs)
             Began as a Demonspawn Monk on Mar 30, 2015.
             Killed from afar by Sigmund (5 damage)
             ... with a puff of flame
             ... on level 2 of the Dungeon.
             The game lasted 00:03:37 (1273 turns).

Grujah the Insei (Demonspawn Monk)                  Turns: 1273, Time: 00:03:37

Health: -2/29      AC:  3    Str: 11    XL:     3   Next: 37%
Magic:  3/3        EV: 19    Int: 12    God:
Gold:   70         SH:  0    Dex: 20    Spells: 0 memorised, 2 levels left

rFire  + . .     SeeInvis .     e - +1 dagger (venom)
rCold  + . .     Clarity  .     a - +0 robe
rNeg   . . .     SustAb   .     (no shield)
rPois  +         Gourm    .     (helmet restricted)
rElec  +         Spirit   .     (no cloak)
rCorr  +         Warding  .     (no gloves)
rMut   .         Stasis   .     (no boots)
MR     .....                    (no amulet)
Stlth  +++.......               (no ring)
                                (no ring)

@: agile, resistant, not resistant to hostile enchantments, fairly stealthy
A: antennae 1, rugged brown scales 1
a: no special abilities


You were on level 2 of the Dungeon.
You were very hungry.

You visited 1 branch of the dungeon, and saw 2 of its levels.

You collected 70 gold pieces.

Inventory:

Hand weapons
 e - a +1 dagger of venom (weapon)
Armour
 a - a +0 robe (worn)
Jewellery
 l - an uncursed amulet of resist corrosion {unknown}
Scrolls
 d - a scroll of teleportation
 h - a scroll of blinking
 k - 2 scrolls of identify {unknown}
 m - a scroll of magic mapping {unknown}
Comestibles
 b - a bread ration
 i - a meat ration
 j - a slice of pizza


   Skills:
 - Level 3.0 Fighting
 + Level 1.3 Short Blades
 + Level 3.3 Dodging
 + Level 2.3 Stealth
 - Level 3.6 Unarmed Combat
 + Level 0.1 Spellcasting


You had 2 spell levels left.
You didn't know any spells.

Dungeon Overview and Level Annotations

Branches:
Dungeon (2/15)

Altars:
Fedhas

Annotations:
D:2 Sigmund


Innate Abilities, Weirdness & Mutations

You have a pair of small antennae on your head.
You are partially covered in rugged brown scales (AC +1, +3% HP).


Message History

You feel better. Something hits you.
You see here a leather armour.
You barely miss something. Something hits you!
* * * LOW HITPOINT WARNING * * *
You barely miss something. You closely miss something.
Something barely misses you.
Drink which item? (? for menu, Esc to quit)
You feel better. Something hits you.
Drink which item? (? for menu, Esc to quit)
It was a potion of resistance.
You feel protected.
Drink which item? (? for menu, Esc to quit)
It was a potion of agility.
You feel agile all of a sudden. Something hits you!
* * * LOW HITPOINT WARNING * * *
You completely miss something.
You hear some strange, mumbled words.
The puff of flame hits you! You resist.
You die...

#...# #...# ##########
###...##############........#####
#>+...'............'........'†...
#.#...##############........###..
#.#.........# #........# #.#
#....#.>....# ########## #.#
#.##.#......############# #.#
#....'..........@{....... ...
####.#......############# ###
#.########### #...........######
##########.......# ######.......#
#########
#............####.....(.##
#.#########..............#
####'####.####.####.........#


There were no monsters in sight!

Vanquished Creatures
  A worm (D:2)
  2 giant geckos (D:2)
  A giant cockroach (D:2)
  6 hobgoblins
  10 bats
  3 giant newts
  2 goblins (D:1)
  7 kobolds
  5 rats
37 creatures vanquished.

Notes
Turn   | Place    | Note
--------------------------------------------------------------
     0 | D:1      | Grujah, the Demonspawn Monk, began the quest for the Orb.
     0 | D:1      | Reached XP level 1. HP: 18/18 MP: 1/1
   208 | D:1      | Gained mutation: You are partially covered in rugged brown scales (AC +1, +3% HP). [demonic ancestry]
   208 | D:1      | Reached XP level 2. HP: 15/24 MP: 2/2
   361 | D:1      | Reached skill level 1 in Short Blades
   947 | D:2      | Gained mutation: You have a pair of small antennae on your head. [demonic ancestry]
   947 | D:2      | Reached XP level 3. HP: 27/29 MP: 3/3
  1035 | D:2      | Found a blossoming altar of Fedhas.
  1252 | D:2      | Noticed Sigmund
  1273 | D:2      | Killed from afar by Sigmund

Action                   || total
-------------------------++-------
Melee: Dagger            ||   117
  Use: Potion            ||     6
       Scroll            ||     2
 Stab: Sleeping          ||    10
